 Dungeon Crawl Stone Soup version 0.20-a0-73-g65ed1cb (webtiles) character file.

723 KristoblXynda the Conjurer (level 7, 0/50 HPs)
             Began as a Black Draconian Conjurer on Nov 18, 2016.
             Was an Initiate of Makhleb.
             Slain by an ice beast (12 damage)
             ... on level 5 of the Dungeon.
             The game lasted 00:14:51 (5923 turns).

KristoblXynda the Conjurer (DrCj)                   Turns: 5923, Time: 00:14:52

Health: 0/50       AC:  7    Str: 11    XL:     7   Next: 43%
Magic:  10/13      EV: 12    Int: 17    God:    Makhleb [......]
Gold:   183        SH:  0    Dex: 11    Spells: 2 memorised, 10 levels left

rFire  . . .     SeeInvis +     d - +2 dagger (holy)
rCold  . . .     Gourm    .     (armour unavailable)
rNeg   . . .     Faith    .     (no shield)
rPois  .         Spirit   .     (helmet restricted)
rElec  +         Reflect  .     s - +0 cloak
rCorr  .         Harm     .     (no gloves)
MR     .....                    (no boots)
Stlth  ++........               (no amulet)
                                (no ring)
                                (no ring)

@: short of breath, drained
A: breathe lightning, unfitting armour, stinger 1, see invisible, electricity
resistance, cold-blooded, AC +6
a: Breathe Lightning, Renounce Religion


You were on level 5 of the Dungeon.
You worshipped Makhleb.
Makhleb was noncommittal.
You were hungry.

You visited 2 branches of the dungeon, and saw 6 of its levels.

You collected 183 gold pieces.

Inventory:

Hand Weapons
 d - a +2 dagger of holy wrath (weapon)
Armour
 s - a +0 cloak (worn)
Scrolls
 e - a scroll of recharging
 i - a scroll of fog
Books
 a - a book of Conjurations

   Spells                             Type                      Level
   a - Magic Dart                     Conjuration                  1
   b - Searing Ray                    Conjuration                  2
   c - Dazzling Spray                 Conjuration/Hexes            3
   d - Fulminant Prism                Conjuration/Hexes            4
   e - Iskenderun's Mystic Blast      Conjuration                  4
   f - Iskenderun's Battlesphere      Conjuration/Charms           5
Comestibles
 b - 3 bread rations
 f - 8 fruits


   Skills:
 - Level 1.8(1.3) Short Blades
 + Level 2.6(2.2) Dodging
 + Level 4.4(3.9) Stealth
 + Level 4.4(4.0) Spellcasting
 + Level 6.0(5.5) Conjurations


You had 10 spell levels left.
You knew the following spells:

 Your Spells              Type           Power        Failure   Level  Hunger
a - Magic Dart            Conj           ###.         1%          1    None
b - Dazzling Spray        Conj/Hex       ##....       17%         3    ###....


Dungeon Overview and Level Annotations

Branches:
Dungeon (5/15)             Temple (1/1) D:4

Altars:
Ashenzari
Cheibriados
Dithmenos
Elyvilon
Fedhas
Gozag
Hepliaklqana
Makhleb
Nemelex Xobeh
Okawaru
Qazlal
Ru
Sif Muna
Trog
Uskayaw
Vehumet
Xom
Yredelemnul
Zin
The Shining One

Shops:
D:4 [

Annotations:
D:4 KristoblXynda's ghost, novice DrHu


Innate Abilities, Weirdness & Mutations

You can breathe wild blasts of lightning.
Your glossy black scales are hard. (AC +6)
You cannot fit into any form of body armour.
You are resistant to electric shocks. (rElec)
You are cold-blooded and may be slowed by cold attacks.
Your tail ends in a poisonous barb.
You have supernaturally acute eyesight. (SInv)


Message History

The bolt of lightning hits the ogre.
You kill the ogre!
Makhleb accepts your kill.
Your base Conjurations skill increases to level 6!
You feel somewhat more hungry.
You hear a shout! x5; You hear an angry hiss.
You hear a shout!
Unknown command.
Okay, then.
Unknown command.
Casting: Magic Dart
Confirm with . or Enter, or press ? or * to list all spells.
Aiming: Magic Dart
Press: ? - help, Shift-Dir - straight line, f/p - ice beast
Aim: an ice beast (heavily wounded)
The magic dart hits the ice beast.
The ice beast is heavily wounded.
The ice beast hits you.
* * * LOW HITPOINT WARNING * * *
The ice beast freezes you!
You die...

#........ #..
.###.#.## #####'#..
#.. ..#...#.#. . #.#
##########.###...
......#.#
#..........<...#.
#.....#.#
#.#...###....#.#.
#.....#†# #.#...#
#........ #....#≈#
#.#...# #......##
#....#'####.#...#
#.#....#
..###.....=..Y@.#...#
#.###.##
........#..|.####...#
#.###.#
.........(.).####...#
#.....#
......#.........'...#
####### .....
##.....####...# .###
#.#'###
#.#############
.....#
#.#............
####..#
#.##'########## ...#
#.....#


You could see an ice beast.

Vanquished Creatures
  Sigmund (D:2)
  A sky beast (D:5)
  2 ogres
  A howler monkey (D:5)
  A crimson imp (D:5)
  A worker ant (D:4)
  7 gnolls
  4 adders
  2 oozes
  2 adder skeletons (D:4)
  A worm (D:2)
  3 dart slugs
  3 leopard geckos
  5 orcs (D:3)
  6 bats
  2 giant cockroaches (D:2)
  12 goblins
  5 hobgoblins
  9 jackals
  10 kobolds
  2 quokkas
  A ball python (D:2)
  2 frilled lizards
  4 rats
87 creatures vanquished.

Notes
Turn   | Place    | Note
-------+----------+-------------------------------------------
     0 | D:1      | KristoblXynda the Draconian Conjurer began the quest for the Orb.
     0 | D:1      | Reached XP level 1. HP: 14/14 MP: 3/3
   201 | D:1      | Reached XP level 2. HP: 20/20 MP: 0/5
   886 | D:1      | Reached XP level 3. HP: 26/26 MP: 1/6
  1708 | D:2      | Reached XP level 4. HP: 33/33 MP: 5/8
  1951 | D:2      | Found a bloodstained altar of Trog.
  1968 | D:2      | Noticed Sigmund
  1992 | D:2      | Gained mutation: You have supernaturally acute eyesight. (SInv) [potion of mutation]
  1992 | D:2      | Gained mutation: Your tail ends in a poisonous barb. [potion of mutation]
  1993 | D:2      | HP: 1/33 [Sigmund/magic dart (7)]
  1998 | D:2      | Killed Sigmund
  1998 | D:2      | Reached skill level 5 in Conjurations
  1998 | D:2      | Reached XP level 5. HP: 13/38 MP: 0/10
  2466 | D:2      | Found a shimmering altar of Xom.
  2791 | D:3      | Reached XP level 6. HP: 45/45 MP: 8/11
  3446 | D:3      | Found a glowing silver altar of Zin.
  3844 | D:3      | Learned a level 3 spell: Dazzling Spray
  3939 | D:4      | Noticed KristoblXynda's ghost (novice DrHu)
  4394 | D:4      | Reached skill level 1 in Short Blades
  4876 | D:4      | Found Vicw's Antique Armour Emporium.
  4881 | D:4      | Found a staircase to the Ecumenical Temple.
  4919 | D:5      | Entered Level 5 of the Dungeon
  5027 | D:5      | Found a stormy altar of Qazlal.
  5036 | D:5      | Noticed an orc warrior
  5172 | D:5      | Noticed an ice beast
  5208 | D:5      | Your scales start taking on a glossy black colour.
  5208 | D:5      | Reached XP level 7. HP: 41/50 MP: 13/13
  5208 | D:5      | Gained mutation: You are resistant to electric shocks. (rElec) [Black Draconian growth]
  5312 | Temple   | Entered the Ecumenical Temple
  5773 | Temple   | Became a worshipper of Makhleb the Destroyer
  5922 | D:5      | Reached skill level 6 in Conjurations
  5923 | D:5      | Slain by an ice beast

Vault maps used:
D:1:      shiori_arrival_whats_in_store_for_you
D:2:      marbit_many_paths, lemuel_doored_altar, minmay_ruptured, uniq_sigmund
D:3:      old_standard_altar, first_bread
D:4:      serial_shops, shop
D:5:      overflow_temple_1_default, dk_noncrumbling_4, uniq_duvessa
Temple:   nicolae_temple_elliptical

Skill      XL: |  1  2  3  4  5  6  7 |
---------------+----------------------+-----
Dodging        | 2 |  2.6
Stealth        | 2 3 4 |  4.4
Spellcasting   | 3 4 |  4.4
Conjurations   | 5 6 |  6.0
Short Blades   | 1 |  1.8

Action                   |  1- 3 |  4- 6 |  7- 9 || total
-------------------------+-------+-------+-------++-------
Melee: Mace              |     8 |       |       ||     8
       Unarmed           |     4 |       |       ||     4
       Tailslap          |     3 |     7 |     3 ||    13
       Dagger            |    32 |   110 |    33 ||   175
 Cast: Magic Dart        |    58 |   122 |    20 ||   200
       Dazzling Spray    |       |     8 |     1 ||     9
 Abil: Breathe Lightning |       |       |     1 ||     1
  Use: Scroll            |     1 |     9 |       ||    10
       Potion            |       |     5 |     1 ||     6
 Stab: Sleeping          |     3 |     5 |       ||     8
       Invisible         |       |     1 |     1 ||     2
  Eat: Chunk             |     2 |     3 |     2 ||     7
       Bread ration      |     1 |       |       ||     1
       Beef jerky        |       |     2 |       ||     2
       Pizza             |       |     1 |       ||     1
       Fruit             |       |       |     1 ||     1
Armor: Skin              |    23 |    49 |    20 ||    92
Dodge: Dodged            |    36 |   110 |    33 ||   179
